 Dungeon Crawl Stone Soup version 0.31-a0-210-gccc998df9b (webtiles) character file.

Game seed: 16408758946028263958

40 qw the Shooter (level 3, 0/29 HPs)
             Began as a Minotaur Hexslinger on June 29, 2023.
             Slain by a worm (3 damage)
             ... on level 2 of the Dungeon.
             The game lasted 00:00:16 (780 turns).

qw the Shooter (Minotaur Hexslinger)                 Turns: 780, Time: 00:00:16

Health: 0/29       AC:  3    Str: 12    XL:     3   Next: 30%
Magic:  3/3        EV: 12    Int: 10    God:
Gold:   19         SH:  0    Dex: 14    Spells: 3/4 levels left

rFire   . . .        Y - +1 sling
rCold   . . .        (no shield)
rNeg    . . .        d - +0 leather armour
rPois   .            (helmet restricted)
rElec   .            (no cloak)
rCorr   .            (no gloves)
SInv    .            (no boots)
Will    .....        (no amulet)
Stlth   +            (no ring)
HPRegen 0.24/turn    (no ring)
MPRegen 0.08/turn

%: no passive effects
@: about to teleport
A: horns 2, retaliatory headbutt
a: no special abilities


You were on level 2 of the Dungeon.
You visited 1 branch of the dungeon, and saw 2 of its levels.

You collected 19 gold pieces.


Innate Abilities, Weirdness & Mutations

You have a pair of horns on your head.
You reflexively headbutt those who attack you in melee.


   Skills:
 - Level 2.0 Fighting
 + Level 3.8 Ranged Weapons
 - Level 2.1 Dodging
 - Level 1.0 Spellcasting
 - Level 2.0 Hexes


You had 3 spell levels left.
You knew the following spells:

 Your Spells              Type           Power      Damage    Failure   Level
a - Slow                  Hex            16%        N/A       19%         1

Your spell library contained the following spells:

 Spells                   Type           Power      Damage    Failure   Level
 Inner Flame              Hex/Fire       2%         N/A       65%         3
 Portal Projectile        Hex/Tloc       4%         N/A       65%         3
 Cause Fear               Hex            2%         N/A       88%         4

Inventory:

Hand Weapons
 Y - a +1 sling (weapon)
Armour
 d - a +0 leather armour (worn)
Scrolls
 a - 2 scrolls of teleportation
 g - a scroll of identify
Potions
 b - a potion of mutation {unknown}
 i - a potion of might

Dungeon Overview and Level Annotations

Branches:
Dungeon (2/15)

Altars:


Message History

You feel sick.
The adder bites you but does no damage. x2
You shoot a sling bullet.
The sling bullet completely misses the adder.
The sling bullet hits the worm.
The worm is lightly wounded.
You feel sick. The adder bites you but does no damage.
You shoot a sling bullet. The sling bullet hits the adder.
The adder is heavily wounded.
You feel sick. The adder bites you but does no damage.
The adder closely misses you.
You shoot a sling bullet. The sling bullet hits the adder.
The adder is heavily wounded.
You feel sick. The adder bites you but does no damage. The adder bites you.
You are more poisoned.
The adder poisons you!
You shoot a sling bullet. The sling bullet misses the adder.
You feel sick. The adder closely misses you.
You shoot a sling bullet. The sling bullet hits the adder.
The adder is almost dead.
You feel sick.
The adder closely misses you. x2; The worm bites you!
You shoot a sling bullet.
The sling bullet closely misses the adder.
You feel sick. The adder closely misses you. You furiously retaliate!
You headbutt the adder!
You kill the adder!
The worm completely misses you.
You shoot a sling bullet. The sling bullet hits the worm.
The worm is moderately wounded.
You feel sick.
A hobgoblin comes into view.
779 ||| READING 3 scrolls of teleportation.
As you read the scroll of teleportation, it crumbles to dust.
You feel strangely unstable.
You feel sick. The worm bites you.
You shoot a sling bullet. The sling bullet hits the worm.
The worm is moderately wounded.
You feel sick.
You are no longer poisoned.
The worm bites you.
You die...

###......##.##...<...#
.........##.##########
.........'......
........)##.####
.....(...# #
......#'## ......#.#
..#####.# . #@#
#....w# #.....#
#.....# #......
......g. ........#
....###.#


You could see a worm and a hobgoblin.

Vanquished Creatures
  2 adders (D:2)
  2 ball pythons (D:1)
  3 endoplasms (D:1)
  2 giant cockroaches (D:1)
  A goblin (D:1)
  3 jackals
  2 bats
  A frilled lizard (D:1)
  2 kobolds
  2 rats (D:1)
20 creatures vanquished.

Notes
Turn   | Place    | Note
-------+----------+-------------------------------------------
     0 | D:1      | qw the Minotaur Hexslinger began the quest for the Orb.
     0 | D:1      | Reached XP level 1. HP: 16/16 MP: 1/1
     0 | D:1      | 0 ||| qw: Version: 0.3-a-24-g62f9e04
     0 | D:1      | 0 ||| qw: Game counter: 6686
     0 | D:1      | 0 ||| qw: Melee chars always use a shield: true
     0 | D:1      | 0 ||| qw: God list: Okawaru
     0 | D:1      | 0 ||| qw: Allow faded altars: false
     0 | D:1      | 0 ||| qw: Do Orc after clearing Dungeon:15 true
     0 | D:1      | 0 ||| qw: Do second Lair branch before Depths: true
     0 | D:1      | 0 ||| qw: Lair rune preference: random
     0 | D:1      | 0 ||| qw: Goals: Normal
     0 | D:1      | 0 ||| PLANNING D:1-11
   226 | D:1      | Reached skill level 3 in Ranged Weapons
   242 | D:1      | Reached XP level 2. HP: 23/23 MP: 2/2
   601 | D:1      | 601 ||| UPGRADING to +0 leather armour.
   611 | D:1      | 611 ||| DROPPING +0 robe.
   612 | D:1      | 612 ||| READING 4 scrolls labelled HAVYH GULAO.
   616 | D:1      | 616 ||| READING scroll labelled HUUTZI GAMUUS.
   617 | D:1      | 617 ||| READING 3 scrolls labelled JACZUA TIF GUB.
   618 | D:1      | 618 ||| READING scroll labelled VOAHAPACZU.
   619 | D:1      | 619 ||| READING scroll labelled NATOWN YSENU.
   620 | D:1      | 620 ||| READING 2 scrolls of identify.
   620 | D:1      | 620 ||| IDENTIFYING smoky emerald potion
   621 | D:1      | 621 ||| DROPPING scroll of poison.
   652 | D:2      | 652 ||| STAIRDANCE
   740 | D:2      | Reached XP level 3. HP: 29/29 MP: 3/3
   778 | D:2      | HP: 7/29 [poisoned by an adder]
   779 | D:2      | 779 ||| READING 3 scrolls of teleportation.
   780 | D:2      | HP: 3/29 [poisoned by an adder]
   780 | D:2      | Slain by a worm

Levels and vault maps discovered:
D:1:      saegor_arrival_simple_e, layout_loops_ring
D:2:      layout_basic, shapermc_ecumenical_altar_flowoftime, hex_tiny,
          grunt_ministairs_3

Skill      XL: |  1  2 |
---------------+-------+-----
Ranged Weapons | 3 |  3.8
Fighting       | 2 |  2.0
Dodging        | |  2.1
Spellcasting   | |  1.0
Hexes          | |  2.0

Action                     || total
---------------------------++-------
   Fire: Sling             ||    54
    Use: Scroll            ||     7
 Armour: Leather armour    ||    10
         Robe              ||     1
  Dodge: Dodged            ||    30

Table legend:
 A = Non-vault XP
 B = Vault XP
 C = Vault XP percentage of total XP
 D = Non-vault monster count
 E = Vault monster count
 F = Vault count percentage of total count
                 A         B        C        D         E       F
            +---------+---------+-------+---------+---------+-------
      Total |      54 |       4 |   6.9 |      18 |       2 |  10.0
            +---------+---------+-------+---------+---------+-------
        D:1 |      21 |       4 |  16.0 |      13 |       2 |  13.3
        D:2 |      33 |       0 |   0.0 |       5 |       0 |   0.0
            +---------+---------+-------+---------+---------+-------
